 Dungeon Crawl Stone Soup version 0.19.4-10-g532645f (webtiles) character file.

4307 tof the Arsonist (level 10, 0/69 HPs)
             Began as a Green Draconian Fire Elementalist on Feb 23, 2017.
             Was a Priest of Sif Muna.
             Killed by vampiric draining
             ... invoked by a vampire
              (7 damage)
             ... on level 8 of the Dungeon.
             The game lasted 00:49:44 (9558 turns).

tof the Arsonist (DrFE)                             Turns: 9558, Time: 00:49:45

Health: 0/69       AC:  8    Str: 17    XL:     10   Next: 11%
Magic:  6/22       EV: 14    Int: 19    God:    Sif Muna [***...]
Gold:   471        SH:  0    Dex: 11    Spells: 4 memorised, 14 levels left

rFire  . . .     SeeInvis +     L - +2 quarterstaff (chaos)
rCold  . . .     Gourm    +     (armour unavailable)
rNeg   . . .     Faith    .     (shield currently unavailable)
rPois  +         Spirit   .     (helmet restricted)
rElec  .         Reflect  .     M - +0 cloak
rCorr  .         Harm     .     (no gloves)
MR     .....                    (no boots)
Stlth  +.........               n - amulet of the gourmand
                                A - +2 ring of strength
                                z - ring of see invisible

@: confused, short of breath
A: breathe noxious fumes, unfitting armour, claws 1, horns 1, talons 1, poison
resistance, strong 2, cold-blooded, AC +7
a: Breathe Noxious Fumes, Divine Energy, Channel Magic, Renounce Religion


You were on level 8 of the Dungeon.
You worshipped Sif Muna.
Sif Muna was most pleased with you.
You were completely stuffed.

You visited 2 branches of the dungeon, and saw 9 of its levels.

You collected 471 gold pieces.

Inventory:

Hand Weapons
 L - a +2 quarterstaff of chaos (weapon)
Armour
 M - a +0 cloak (worn)
Jewellery
 h - an uncursed amulet of magic regeneration
 n - an amulet of the gourmand (around neck)
 v - an uncursed ring of resist corrosion
 x - an uncursed ring of protection from cold
 z - a ring of see invisible (left claw)
 A - a +2 ring of strength (right claw)
Wands
 D - a wand of iceblast (9/15)
 K - a wand of slowing (15/48)
Scrolls
 d - a scroll of brand weapon {unknown}
 e - a scroll of enchant armour {unknown}
 i - 6 scrolls of recharging
 j - a scroll of amnesia {unknown}
 k - 4 scrolls of identify
 r - a scroll of fear {unknown}
 s - a scroll of noise {unknown}
 u - 2 scrolls of enchant weapon {unknown}
 w - 2 scrolls of teleportation
 y - 2 scrolls of magic mapping {unknown}
 B - 2 scrolls of remove curse
 C - a scroll of immolation {unknown}
 E - a scroll of fog {unknown}
Potions
 c - 3 potions of lignification
 f - 5 potions of curing
 g - a potion of magic {unknown}
 m - 4 potions of cancellation
 o - 2 potions of cure mutation {unknown}
 q - 4 potions of haste {unknown}
 t - 2 potions of heal wounds {unknown}
 F - a potion of agility {unknown}
 J - a potion of degeneration {unknown}
Books
 a - a book of Flames

   Spells                             Type                      Level
   a - Flame Tongue                   Conjuration/Fire             1
   b - Throw Flame                    Conjuration/Fire             2
   c - Conjure Flame                  Conjuration/Fire             3
   d - Inner Flame                    Hexes/Fire                   3
   e - Sticky Flame                   Conjuration/Fire             4
   f - Fireball                       Conjuration/Fire             5
Comestibles
 b - 5 bread rations
 l - 3 fruits
 p - 3 slices of pizza
 G - a meat ration
 H - 2 beef jerkies
 I - a royal jelly
 N - 4 chunks of flesh


   Skills:
 + Level 5.3 Dodging
 - Level 1.8 Stealth
 * Level 8.1 Spellcasting
 + Level 6.2 Conjurations
 * Level 9.2 Fire Magic


You had 14 spell levels left.
You knew the following spells:

 Your Spells              Type           Power        Failure   Level  Hunger
a - Flame Tongue          Conj/Fire      #####        1%          1    None
b - Conjure Flame         Conj/Fire      #####...     1%          3    None
c - Throw Flame           Conj/Fire      #####.       1%          2    None
d - Fireball              Conj/Fire      #####.....   12%         5    #####..


Dungeon Overview and Level Annotations

Branches:
Dungeon (8/15)             Temple (1/1) D:4
   Lair: D:8-11

Altars:
Ashenzari
Cheibriados
Dithmenos
Elyvilon
Fedhas
Gozag
Hepliaklqana
Kikubaaqudgha
Makhleb
Nemelex Xobeh
Okawaru
Qazlal
Ru
Sif Muna
Trog
Uskayaw
Vehumet
Xom
Yredelemnul
Zin

Shops:
D:6 (


Innate Abilities, Weirdness & Mutations

You can breathe blasts of noxious fumes.
Your lurid green scales are hard. (AC +7)
You cannot fit into any form of body armour.
Your system is resistant to poisons. (rPois)
You are cold-blooded and may be slowed by cold attacks.
You have sharp fingernails.
You have a pair of small horns on your head.
You have sharp toenails.
Your muscles are very strong. (Str +4)


Message History

You are confused.
You're too confused to cast spells.
You're too confused!
Unknown command.
You barely miss the vampire. Your headbutt misses the vampire.
The vampire is heavily damaged.
The vampire gestures at you while chanting.
You are more confused.
You're too confused to move!
The vampire hits you!
* * * LOW HITPOINT WARNING * * *
The vampire bites you.
* * * LOW HITPOINT WARNING * * *
The vampire draws strength from your injuries!
You sock the vampire! You claw the vampire, but do no damage.
Your tail-slap misses the vampire.
The vampire is severely damaged.
The vampire misses you. The vampire closely misses you.
You bump into the rock wall.
The vampire is infused with unholy energy.
You die...

##.# #...# ## #.# #...# .# #.#
#...# # .######.# ######...######
.#...##.###.............. # ###
...#.##....))..))..>.....###.##..
.#...##.###......................
.##.###.# ######...##### #..####
###.# #.# #@V.# #...... #.###.#
#...# #....#. ###.....# #...#
#.##.#. ...####.# ######...#
#...... ##.# #.# #.......##
##.#.#. ##.####.###.####..##
#.#.#. ##.##.......####...#######
#.#...
........###.#............###.###.
##.##.#####.#.##...###.......<...


You could see a vampire (invisible).

Vanquished Creatures
  Pikel (D:5)
  Sigmund (D:3)
  Eustachio (D:5)
  A human (D:3)
  A hungry ghost (D:7)
  Menkaure (D:7)
  Edmund (D:5)
  A water moccasin (D:6)
  Duvessa (D:5)
  An orc warrior (D:6)
  2 sky beasts
  An ice beast (D:6)
  3 ogres
  A phantom (D:8)
  A big kobold (D:8)
  Blork the orc (D:5)
  6 bullfrogs
  A wyvern zombie (D:7)
  Dowan (D:5)
  A scorpion (D:5)
  3 killer bees (D:7)
  A wight (D:7)
  2 howler monkeys
  3 crimson imps (D:6)
  2 bullfrog zombies
  3 hounds
  A jelly (D:7)
  Crazy Yiuf (D:7)
  3 centaur skeletons
  2 orc priests
  Natasha (thrice) (D:3)
  5 orc wizards
  9 worker ants
  2 hound skeletons (D:6)
  Robin (D:4)
  4 gnolls (D:3)
  14 adders
  2 oozes
  An adder skeleton (D:6)
  2 worms (D:5)
  2 dart slugs
  6 leopard geckos
  24 orcs
  A ball python (D:2)
  7 bats
  6 giant cockroaches
  7 goblins
  11 hobgoblins
  A jackal (D:8)
  9 kobolds
  3 quokkas
  6 frilled lizards
  A goblin skeleton (D:3)
  A jackal zombie (D:3)
  A quokka skeleton (D:5)
  10 rats
188 creatures vanquished.

Vanquished Creatures (others)
  An orc (D:3)
  A frilled lizard (D:5)
2 creatures vanquished.

Grand Total: 190 creatures vanquished

Notes
Turn   | Place    | Note
-------+----------+-------------------------------------------
     0 | D:1      | tof the Draconian Fire Elementalist began the quest for the Orb.
     0 | D:1      | Reached XP level 1. HP: 14/14 MP: 3/3
   243 | D:1      | Reached XP level 2. HP: 19/20 MP: 1/5
   915 | D:2      | Found a faded altar of an unknown god.
  1230 | D:2      | Reached XP level 3. HP: 21/26 MP: 1/6
  1813 | D:3      | Reached skill level 4 in Fire Magic
  2145 | D:3      | Reached XP level 4. HP: 33/33 MP: 0/7
  2244 | D:3      | Noticed Natasha
  2262 | D:3      | Killed Natasha
  2443 | D:3      | Noticed Natasha
  2452 | D:3      | Killed Natasha
  2495 | D:3      | Reached XP level 5. HP: 29/38 MP: 5/9
  2549 | D:3      | Noticed Natasha
  2566 | D:3      | Killed Natasha
  2679 | D:3      | Found a runed door.
  2679 | D:3      | Noticed a human
  2682 | D:3      | Found a basalt altar of Yredelemnul.
  2683 | D:3      | Reached XP level 6. HP: 7/45 MP: 0/11
  3055 | D:3      | Killed a human
  3055 | D:3      | Reached skill level 5 in Fire Magic
  3158 | D:3      | Noticed Sigmund
  3174 | D:3      | Learned a level 3 spell: Conjure Flame
  3208 | D:3      | Learned a level 2 spell: Throw Flame
  3294 | D:3      | Killed Sigmund
  3294 | D:3      | Your scales start taking on a lurid green colour.
  3294 | D:3      | Reached XP level 7. HP: 28/50 MP: 2/13
  3294 | D:3      | Gained mutation: Your system is resistant to poisons. (rPois) [Green Draconian growth]
  4113 | D:4      | Noticed Robin
  4146 | D:4      | Killed Robin
  4146 | D:4      | Reached skill level 6 in Fire Magic
  4429 | D:4      | Found a staircase to the Ecumenical Temple.
  4437 | Temple   | Entered the Ecumenical Temple
  4561 | Temple   | Became a worshipper of Sif Muna the Loreminder
  4770 | D:5      | Entered Level 5 of the Dungeon
  4770 | D:5      | Noticed Edmund
  4781 | D:5      | Killed Edmund
  4876 | D:5      | Reached XP level 8. HP: 57/57 MP: 11/15
  4900 | D:5      | Noticed Eustachio
  4910 | D:5      | Killed Eustachio
  4910 | D:5      | Reached skill level 5 in Spellcasting
  5059 | D:5      | Noticed Duvessa
  5060 | D:5      | Noticed Dowan
  5065 | D:5      | Killed Dowan
  5074 | D:5      | Killed Duvessa
  5209 | D:5      | Reached skill level 7 in Fire Magic
  5215 | D:5      | Reached * piety under Sif Muna
  5285 | D:5      | Noticed Pikel
  5294 | D:5      | Killed Pikel
  5647 | D:5      | Noticed Blork the orc
  5657 | D:5      | Killed Blork the orc
  5731 | D:5      | Found a sparkling altar of Nemelex Xobeh.
  5737 | D:5      | Found a white marble altar of Elyvilon.
  5738 | D:5      | Found an ancient bone altar of Kikubaaqudgha.
  5741 | D:5      | Found a shadowy altar of Dithmenos.
  5760 | D:5      | Reached XP level 9. HP: 62/62 MP: 15/18
  6789 | D:6      | Reached ** piety under Sif Muna
  6957 | D:6      | Reached skill level 8 in Fire Magic
  6980 | D:6      | Found Tirreuwa's Antique Weapon Shoppe.
  7007 | D:6      | Reached skill level 5 in Conjurations
  7945 | D:7      | Gained mutation: Your muscles are strong. (Str +2) [potion of mutation]
  7945 | D:7      | Gained mutation: You have sharp toenails. [potion of mutation]
  7946 | D:7      | Gained mutation: You have a pair of small horns on your head. [potion of mutation]
  7946 | D:7      | Gained mutation: You have sharp fingernails. [potion of mutation]
  7946 | D:7      | Gained mutation: Your muscles are very strong. (Str +4) [potion of mutation]
  7965 | D:7      | Reached skill level 5 in Dodging
  8018 | D:7      | Noticed Menkaure
  8076 | D:7      | Killed Menkaure
  8078 | D:7      | Reached *** piety under Sif Muna
  8374 | D:7      | Reached skill level 9 in Fire Magic
  8721 | D:7      | Found a runed door.
  8725 | D:7      | Noticed Crazy Yiuf
  8728 | D:7      | Killed Crazy Yiuf
  9056 | D:8      | Reached XP level 10. HP: 68/69 MP: 17/21
  9093 | D:8      | Learned a level 5 spell: Fireball
  9558 | D:8      | Killed from afar by a vampire

Skill      XL: |  1  2  3  4  5  6  7  8  9 10 |
---------------+-------------------------------+-----
Dodging        | 2 3 4 5 |  5.3
Fire Magic     | 4 5 6 7 9 |  9.2
Spellcasting   | 3 4 6 7 8 |  8.1
Conjurations   | 2 3 4 5 6 |  6.2
Stealth        | |  1.8

Action                   |  1- 3 |  4- 6 |  7- 9 | 10-12 || total
-------------------------+-------+-------+-------+-------++-------
Melee: Unarmed           |     9 |     1 |   373 |       ||   383
       Tailslap          |     1 |       |    38 |       ||    39
       Flail             |       |       |    94 |       ||    94
       Quarterstaff      |       |       |       |     4 ||     4
       Kick              |       |       |       |     1 ||     1
 Cast: Flame Tongue      |    78 |    86 |   308 |    60 ||   532
       Conjure Flame     |       |     3 |     4 |       ||     7
       Throw Flame       |       |     1 |    23 |     4 ||    28
 Abil: Breathe Noxious F |       |       |       |     3 ||     3
  Use: Potion            |       |     2 |     2 |       ||     4
       Scroll            |       |       |     4 |       ||     4
  Eat: Chunk             |     5 |     4 |    45 |     2 ||    56
Armor: Skin              |    13 |    27 |   169 |     8 ||   217
Dodge: Dodged            |    29 |    43 |   363 |    35 ||   470
